 Dungeon Crawl Stone Soup version 0.30.0-29-ga12c61a403 (webtiles) character file.

Game seed: 14659861006440820946

2993 cheesebisquit the Grappler (level 9, -3/89 HPs)
             Began as a Troll Fighter on June 4, 2023.
             Was a Follower of Wu Jian.
             Slain by a large abomination (19 damage)
             ... on level 1 of the Abyss.
             The game lasted 00:24:38 (7733 turns).

cheesebisquit the Grappler (Troll Fighter)          Turns: 7733, Time: 00:24:38

Health: -3/89      AC:  7    Str: 26    XL:     9   Next: 54%
Magic:  8/8        EV: 10    Int:  8    God:    Wu Jian [*.....]
Gold:   496        SH: 10    Dex: 15    Spells: 6/8 levels left

rFire   + .          .
                       - Unarmed
rCold   . . .        b - +0 kite shield
rNeg    . . .        u - +1 robe {rF+}
rPois   .            (helmet restricted)
rElec   .            a - +1 cloak
rCorr   .            (gloves unavailable)
SInv    .            (boots unavailable)
Will    .....        (no amulet)
Stlth   +            r - +6 ring of dexterity
HPRegen 1.14/turn    (no ring)
MPRegen 0.11/turn

%: no passive effects
@: no status effects
A: large, unfitting armour, claws 3, regeneration 1, shaggy fur 1, tough skin 1
a: Renounce Religion


You were on level 1 of the Abyss.
You worshipped Wu Jian.
Wu Jian was aware of your devotion.
You visited 2 branches of the dungeon, and saw 8 of its levels.
You visited the Abyss 1 time.
You also visited: Sewer.

You collected 720 gold pieces.
You spent 224 gold pieces at shops.

Inventory:

Hand Weapons
 v - a +1 whip of electrocution
Missiles
 e - 7 javelins (quivered)
Armour
 a - a +1 cloak (worn)
 b - a +0 kite shield (worn)
 c - a +0 robe of the Archmagi
 u - a +1 robe of fire resistance (worn)
 C - a scarf of invisibility
Jewellery
 r - a +6 ring of dexterity (left claw)
Wands
 A - a wand of polymorph (13)
Scrolls
 f - a scroll of fog
 h - a scroll of blinking {unknown}
 i - 3 scrolls of silence
 k - 7 scrolls of teleportation
 o - a scroll of amnesia
 s - 2 scrolls of poison
 t - a scroll of vulnerability {unknown}
 w - 7 scrolls of fear
 y - a scroll of enchant weapon {unknown}
 B - a scroll of magic mapping {unknown}
Potions
 g - a potion of mutation
 j - 5 potions of curing
 l - 2 potions of flight
 p - 3 potions of berserk rage
 q - 2 potions of magic
 x - a potion of experience {unknown}
 z - 2 potions of brilliance


   Skills:
 + Level 6.0 Fighting
 + Level 3.3 Dodging
 + Level 6.5 Shields
 * Level 9.5 Unarmed Combat


You had 6 spell levels left.
You knew the following spells:

 Your Spells              Type           Power      Damage    Failure   Level
a - Wereblood             Tmut           0%         N/A       77%         2

Your spell library contained the following spells:

 Spells                   Type           Power      Damage    Failure   Level
 Beastly Appendage        Tmut           0%         N/A       63%         1
 Freeze                   Ice            0%         1d3       63%         1
 Frozen Ramparts          Ice            0%         1d1       94%         3
 Hailstorm                Conj/Ice       0%         3d3       94%         3
 Spider Form              Tmut/Pois      0%         N/A       94%         3
 Tukima's Dance           Hex            0%         N/A       94%         3
 Passage of Golubria      Tloc           0%         N/A       100%        4
 Yara's Violent Unravell  Hex/Tmut       0%         3d3       100%        5


Dungeon Overview and Level Annotations

Branches:
Dungeon (7/15)             Temple (1/1) D:4           Sewer (visited)

Altars:
Ashenzari
Dithmenos
Elyvilon
Fedhas
Gozag
Hepliaklqana
Kikubaaqudgha
Makhleb
Nemelex Xobeh
Okawaru
Qazlal
Ru
Sif Muna
Trog
Uskayaw
Vehumet
Wu Jian
Xom
Yredelemnul
Zin
The Shining One

Shops:
D:4 ?   D:5 *

Annotations:
D:6 2 transporters, knightboat's ghost, novice OgWr
D:7 Joseph


Innate Abilities, Weirdness & Mutations

You are too large for most types of armour.
You have claws for hands.
Your natural rate of healing is unusually fast.
You are covered in fur. (AC +1)
You have tough skin. (AC +1)


Message History

You block the raiju's attack. The wraith hits you!
The wraith drains your vigour!
You feel yourself slow down.
You claw the wraith!
You destroy the wraith!
The Council accepts your kill. You block the raiju's attack.
You claw the raiju!
You kill the raiju!
The Council accepts your kill.
You block the large abomination's attack.
Your Fighting skill increases to level 6!
You scratch the large abomination.
The large abomination is lightly damaged.
You block the large abomination's attack.
You scratch the large abomination but do no damage.
The large abomination is lightly damaged.
The large abomination barely misses you.
You completely miss the large abomination.
The large abomination is lightly damaged.
The large abomination hits you!
You mangle the large abomination!!
The large abomination is heavily damaged.
The large abomination hits you. The large abomination hits you!!
* * * LOW HITPOINT WARNING * * *
You scratch the large abomination.
The large abomination is severely damaged.
You block the large abomination's attack.
You feel much better. The large abomination hits you!
* * * LOW HITPOINT WARNING * * *
You barely miss the large abomination.
The large abomination is severely damaged.
The large abomination hits you!
* * * LOW HITPOINT WARNING * * *
You feel better.
You feel yourself speed up.
The large abomination completely misses you.
You completely miss the large abomination.
The large abomination is severely damaged.
The large abomination hits you!!
You die...

....#.# .. .......
#.. .. .......
.... ... #.....
....# #
..###...###...##
.....#.....#.....#
..................
.........@.......
..........X......
...#.....#.....#
##...###...##
#.....# ....#
.........ยง....
................ .
......... ......
.....#.... # ...


You could see a large abomination.

Vanquished Creatures
  A raiju (Abyss:1)
  Sigmund (D:4)
  A wraith (Abyss:1)
  A steam dragon (D:5)
  Menkaure (D:5)
  Edmund (D:5)
  Duvessa (D:5)
  A water moccasin (D:6)
  3 black bears
  2 ogres
  2 phantoms
  3 scorpions (D:5)
  5 wights
  Dowan (D:5)
  2 hounds (D:5)
  A jelly (D:5)
  3 orc priests
  2 sleepcaps (D:5)
  Jessica (D:2)
  An iguana (D:4)
  Natasha (twice) (D:2)
  4 orc wizards (D:5)
  Robin (D:2)
  2 gnolls
  16 adders
  9 river rats
  A white imp (D:6)
  A dart slug (D:1)
  17 orcs
  11 ball pythons
  5 endoplasms
  5 giant cockroaches
  15 goblins
  12 hobgoblins
  3 jackals (D:3)
  4 quokkas
  8 bats
  3 frilled lizards
  20 kobolds
  36 rats
209 creatures vanquished.

Vanquished Creatures (others)
  An adder (D:6)
1 creature vanquished.

Grand Total: 210 creatures vanquished

Notes
Turn   | Place    | Note
-------+----------+-------------------------------------------
     0 | D:1      | cheesebisquit the Troll Fighter began the quest for the
                  | Orb.
     0 | D:1      | Reached XP level 1. HP: 22/22 MP: 0/0
   114 | D:1      | Reached XP level 2. HP: 29/29 MP: 1/1
   386 | D:1      | Reached XP level 3. HP: 17/36 MP: 2/2
   636 | D:2      | Reached skill level 3 in Unarmed Combat
   639 | D:2      | Identified the +3 leather armour of Gozag's Grace {Harm
                  | rPois Str+3 Dex+4}
   680 | D:2      | Noticed Jessica
   685 | D:2      | Killed Jessica
   686 | D:2      | Reached XP level 4. HP: 44/44 MP: 3/3
   706 | D:2      | Noticed Robin
   710 | D:2      | Killed Robin
   983 | D:2      | Identified the +5 short sword "Emihaozxo" {heavy, Int+2
                  | Dex+4 SInv}
  1021 | D:2      | Reached XP level 5. HP: 53/53 MP: 4/4
  1038 | D:2      | Noticed Natasha
  1044 | D:2      | Killed Natasha
  1045 | D:2      | Reached skill level 4 in Unarmed Combat
  1333 | D:2      | Noticed Natasha
  1338 | D:2      | Killed Natasha
  1597 | D:3      | Noticed a black bear
  1606 | D:3      | Killed a black bear
  1607 | D:3      | Reached XP level 6. HP: 60/61 MP: 5/5
  1787 | D:3      | Found a glowing drain.
  1811 | Sewer    | Entered a sewer
  2303 | Sewer    | Reached skill level 5 in Unarmed Combat
  3597 | D:3      | Learned a level 2 spell: Wereblood
  3628 | D:3      | Found a blossoming altar of Fedhas.
  4074 | D:4      | Noticed Sigmund
  4200 | D:4      | Found Gaze's Magic Scroll Boutique.
  4211 | D:4      | Bought a scroll of identify for 24 gold pieces
  4211 | D:4      | Bought a scroll of identify for 24 gold pieces
  4211 | D:4      | Bought a scroll of identify for 24 gold pieces
  4211 | D:4      | Bought a scroll of fear for 48 gold pieces
  4211 | D:4      | Bought a scroll of fear for 48 gold pieces
  4292 | D:4      | Killed Sigmund
  4293 | D:4      | Reached XP level 7. HP: 63/70 MP: 6/6
  4344 | D:4      | Found a shimmering blue altar of Sif Muna.
  4360 | D:4      | Found a sparkling altar of Nemelex Xobeh.
  4458 | D:4      | Found a staircase to the Ecumenical Temple.
  4467 | Temple   | Entered the Ecumenical Temple
  4630 | Temple   | Became a worshipper of the Wu Jian Council
  4875 | D:5      | Entered Level 5 of the Dungeon
  4875 | D:5      | Noticed Menkaure
  4883 | D:4      | Reached skill level 6 in Unarmed Combat
  5144 | D:5      | Reached skill level 5 in Shields
  5144 | D:5      | Reached XP level 8. HP: 72/79 MP: 7/7
  5469 | D:5      | Noticed Edmund
  5473 | D:5      | Killed Edmund
  5474 | D:5      | Reached skill level 7 in Unarmed Combat
  5620 | D:5      | Killed Menkaure
  5650 | D:5      | Noticed Dowan
  5653 | D:5      | Noticed Duvessa
  5684 | D:5      | Killed Duvessa
  5685 | D:5      | Reached skill level 5 in Fighting
  5690 | D:5      | Killed Dowan
  5826 | D:5      | Found a broken altar of Ashenzari.
  5848 | D:5      | Reached skill level 8 in Unarmed Combat
  6038 | D:5      | Reached * piety under Wu Jian
  6164 | D:5      | Found Wainwas's General Store.
  6167 | D:5      | Bought a scroll of identify for 28 gold pieces
  6167 | D:5      | Bought a scroll of identify for 28 gold pieces
  6170 | D:5      | Identified a scroll of acquirement
  6173 | D:5      | Acquired 429 gold pieces
  6413 | D:6      | Reached XP level 9. HP: 76/88 MP: 8/8
  6622 | D:6      | Reached skill level 9 in Unarmed Combat
  7189 | D:6      | Noticed a queen bee
  7197 | D:6      | Found a transporter.
  7202 | D:6      | Found a transporter.
  7361 | D:6      | Noticed knightboat's ghost (novice OgWr)
  7670 | D:7      | Noticed Joseph
  7685 | Abyss:1  | Cast into level 1 of the Abyss (Joseph)
  7733 | Abyss:1  | Slain by a large abomination

Illustrated notes

Levels and vault maps discovered:
D:1:      scummos_arrival_simple_crosswalls, layout_loops_cross
D:2:      layout_loops_ring, minmay_misc_feat_x, minmay_misc_feat_five,
          serial_bayou_pond_b, minmay_goblin_kobold_house, uniq_robin,
          uniq_natasha, uniq_jessica
D:3:      layout_basic, mainiacjoe_overflow_paths, portal_sewer_entry_b
D:4:      layout_cave_pools, mainiacjoe_overflow_swirl,
          minmay_temple_entry_butterflies, serial_shops, shop, uniq_sigmund
D:5:      layout_cave_pools, mainiacjoe_overflow_24_doors, serial_shops,
          nicolae_shop_tiny_real_fake_doors, solitary_fountain, st_stairs_1,
          minivault_11, uniq_menkaure, uniq_edmund, uniq_duvessa
D:6:      layout_cave_pools, gammafunk_ghost_hive
D:7:      layout_loops_cross, chequers_arboretum, uniq_joseph
Temple:   nicolae_temple_bog_church
Abyss:1:  base:
D:2

Skill      XL: |  1  2  3  4  5  6  7  8  9 |
---------------+----------------------------+-----
Shields        | 3 4 5 6 |  6.5
Unarmed Combat | 3 4 5 6 8 9 |  9.5
Fighting       | 3 4 5 6 |  6.0
Dodging        | 3 |  3.3

Action                     |  1- 3 |  4- 6 |  7- 9 || total
---------------------------+-------+-------+-------++-------
  Melee: Unarmed           |    68 |   256 |   186 ||   510
  Throw: Boomerang         |     3 |    33 |       ||    36
         Dart              |       |       |    14 ||    14
         Javelin           |       |       |     1 ||     1
Ability: Lunge             |       |       |     9 ||     9
         Whirlwind         |       |       |     3 ||     3
    Use: Scroll            |       |     7 |     8 ||    15
         Potion            |       |     2 |     7 ||     9
   Stab: Sleeping          |       |     3 |       ||     3
         Distracted        |       |     1 |       ||     1
 Armour: Robe              |    15 |    55 |    34 ||   104
  Dodge: Dodged            |    21 |    70 |    51 ||   142
  Block: Kite shield       |    22 |   113 |    86 ||   221
